 Dungeon Crawl Stone Soup version 0.27-a0-1147-gb3d8e82157 (webtiles) character file.

Game seed: 2460952710286453599

413 kae the Slasher (level 6, -1/50 HPs)
             Began as a Demonspawn Abyssal Knight on May 11, 2021.
             Was a Priest of Lugonu.
             Slain by a quasit (2 damage)
             ... summoned by Eustachio
             ... on level 4 of the Dungeon.
             The game lasted 00:03:04 (4239 turns).

kae the Slasher (Demonspawn Abyssal Knight)         Turns: 4239, Time: 00:03:05

Health: -1/50      AC:  6    Str: 13 (14) XL:     6   Next: 59%
Magic:  7/7        EV: 10    Int: 11 (14) God:    Lugonu [***...]
Gold:   223        SH:  0    Dex:  9 (12) Spells: 5/5 levels left

rFire    . . .     SeeInvis .   a - +1 falchion
rCold    . . .     Faith    .   (no shield)
rNeg     . . .     Spirit   .   c - +1 ring mail
rPois    .         Reflect  .   (helmet restricted)
rElec    .         Harm     .   (no cloak)
rCorr    .         Rampage  .   (no gloves)
Will     .....                  (no boots)
Stlth    ..........             (no amulet)
HPRegen  0.16/turn              (no ring)
MPRegen  0.10/turn              (no ring)

@: flying
A: horns 2, talons 1, demonic magic 1
a: Renounce Religion, Depart the Abyss, Bend Space, Banish


You were on level 4 of the Dungeon.
You worshipped Lugonu.
Lugonu was most pleased with you.
You visited 1 branch of the dungeon, and saw 4 of its levels.
You visited the Abyss 1 time.

You collected 223 gold pieces.

Inventory:

Hand Weapons
 a - a +1 falchion (weapon)
Armour
 b - a +0 leather armour
 c - a +1 ring mail (worn)
Wands
 i - a wand of mindburst (15)
 p - a wand of flame (15)
Scrolls
 m - a scroll of fog {unknown}
 n - a scroll of fear {unknown}
 o - 2 scrolls of identify {unknown}
Potions
 e - a potion of haste
 f - a potion of ambrosia
 h - a potion of magic
 j - a potion of flight
 l - a potion of lignification {unknown}
 q - a potion of heal wounds {unknown}


   Skills:
 + Level 4.8 Fighting
 * Level 5.4 Long Blades
 - Level 1.7 Armour
 - Level 0.8 Dodging
 - Level 2.4 Invocations


You had 5 spell levels left.
You didn't know any spells.
Your spell library contained the following spells:

 Spells                   Type           Power      Damage    Failure   Level
 Magic Dart               Conj           0%         1d3       58%         1
 Searing Ray              Conj           0%         3d3       75%         2
 Dazzling Flash           Conj/Hex       0%         N/A       92%         3
 Fulminant Prism          Conj/Hex       0%         3d6       100%        4
 Iskenderun's Mystic Bla  Conj/Tloc      0%         2d3       100%        4


Dungeon Overview and Level Annotations

Branches:
Dungeon (4/15)
 Temple: D:4-7

Altars:

Annotations:
D:3 Sigmund
D:4 Eustachio


Innate Abilities, Weirdness & Mutations

You have a pair of horns on your head.
You have sharp toenails.
Spells you cast may paralyse adjacent enemies.


Message History

The quasit claws you but does no damage.
You hit Eustachio.
Eustachio is heavily wounded.
Eustachio hits you with a +0 rapier!
* * * LOW HITPOINT WARNING * * *
The quasit bites you.
* * * LOW HITPOINT WARNING * * *
The quasit claws you but does no damage.
The quasit closely misses you.
Eustachio mumbles some strange words.
Eustachio blinks!
The quasit bites you but does no damage.
The quasit claws you.
* * * LOW HITPOINT WARNING * * *
The quasit claws you.
* * * LOW HITPOINT WARNING * * *
You feel clumsy.
As you read the scroll labelled IPUARA YRIH, it crumbles to dust.
It is a scroll of enchant armour.
Your +0 ring mail glows green for a moment.
The quasit bites you.
* * * LOW HITPOINT WARNING * * *
You feel clumsy. The quasit barely misses you. x2
It was a potion of degeneration.
There was something very wrong with that liquid.
You feel weakened.
You feel dopey.
You feel clumsy. Eustachio hits you with a +0 rapier.
* * * LOW HITPOINT WARNING * * *
The quasit bites you but does no damage.
The quasit closely misses you. The quasit barely misses you.
It was a potion of magic.
Magic courses through your body. Eustachio hits you with a +0 rapier.
* * * LOW HITPOINT WARNING * * *
The quasit bites you but does no damage.
The quasit barely misses you. The quasit closely misses you.
It was a potion of flight.
You feel very buoyant.
You fly up into the air.
The quasit bites you.
You die...

#.#######
#......r#
#######5# #@#
######@######
#...........#
#.####.####.#
#.# ##.# #
#..#
#####.###.##
..........#


You could see Eustachio, a quasit (summoned) and a rat (summoned).

Vanquished Creatures
  Duvessa (D:4)
  Dowan (D:4)
  Natasha (thrice) (D:3)
  4 adders
  A gnoll (D:2)
  An ufetubus (D:4)
  3 worms
  3 dart slugs
  10 orcs
  5 endoplasms
  8 giant cockroaches
  7 goblins
  11 hobgoblins
  16 jackals
  5 quokkas
  4 ball pythons
  9 bats
  2 frilled lizards
  10 kobolds
  3 rats
107 creatures vanquished.

Notes
Turn   | Place    | Note
-------+----------+-------------------------------------------
     0 | Abyss:1  | kae the Demonspawn Abyssal Knight began the quest for the
                  | Orb.
     0 | Abyss:1  | Reached XP level 1. HP: 18/18 MP: 2/2
    75 | Abyss:1  | Noticed a raiju
    83 | D:1      | Escaped the Abyss
   109 | D:1      | Reached skill level 2 in Long Blades
   157 | D:1      | Reached * piety under Lugonu
   241 | D:1      | Found a faded altar of an unknown god.
   309 | D:1      | Gained mutation: You have a pair of small horns on your
                  | head. [demonic ancestry]
   309 | D:1      | Reached XP level 2. HP: 19/24 MP: 3/3
   769 | D:1      | Gained mutation: You have a pair of horns on your head.
                  | [demonic ancestry]
   769 | D:1      | Reached XP level 3. HP: 29/29 MP: 4/4
   871 | D:1      | Reached skill level 3 in Long Blades
  1574 | D:1      | Gained mutation: You have sharp toenails. [demonic
                  | ancestry]
  1574 | D:1      | Reached XP level 4. HP: 23/37 MP: 5/5
  1775 | D:2      | Reached ** piety under Lugonu
  2410 | D:3      | Reached skill level 4 in Long Blades
  2537 | D:3      | Reached XP level 5. HP: 42/42 MP: 6/6
  2834 | D:3      | Noticed Natasha
  2843 | D:3      | Killed Natasha
  2905 | D:3      | Noticed Sigmund
  2936 | D:3      | Noticed Natasha
  2943 | D:3      | Killed Natasha
  3224 | D:3      | Noticed Natasha
  3234 | D:3      | Killed Natasha
  3466 | D:4      | Noticed Dowan
  3495 | D:4      | Killed Dowan
  3496 | D:4      | Gained mutation: Spells you cast may paralyse adjacent
                  | enemies. [demonic ancestry]
  3496 | D:4      | Reached XP level 6. HP: 31/49 MP: 7/7
  3552 | D:4      | Noticed Duvessa
  3559 | D:3      | Reached *** piety under Lugonu
  3747 | D:4      | Killed Duvessa
  3748 | D:4      | Reached skill level 5 in Long Blades
  4214 | D:4      | Noticed Eustachio
  4238 | D:4      | HP: 1/50 [Eustachio/+0 rapier (4)]
  4239 | D:4      | Slain by a quasit

Illustrated notes

Levels and vault maps discovered:
D:1:      minmay_arrival_loop, layout_basic, hellmonk_ecumenical_altar_blasted,
          chequers_jeans
D:2:      layout_rooms, minmay_pentomino_w4
D:3:      minmay_angry_zag, layout_rooms, uniq_natasha, uniq_sigmund
D:4:      layout_loops_ring, minmay_misc_feat_rows, uniq_eustachio, uniq_duvessa

Skill      XL: |  1  2  3  4  5  6 |
---------------+-------------------+-----
Long Blades    | 2 3 4 5 |  5.4
Fighting       | 4 |  4.8
Armour         | |  1.7
Dodging        | |  0.8
Invocations    | |  2.4

Action                   |  1- 3 |  4- 6 || total
-------------------------+-------+-------++-------
Melee: Falchion          |    92 |   194 ||   286
       Headbutt          |    13 |    26 ||    39
       Kick              |       |    42 ||    42
Invok: Depart the Abyss  |     1 |       ||     1
  Use: Potion            |       |     6 ||     6
       Scroll            |       |     4 ||     4
Armor: Ring mail         |    41 |    69 ||   110
       Leather armour    |     5 |       ||     5
Dodge: Dodged            |    53 |   107 ||   160
       Rpst.: Falchion   |    22 |    30 ||    52

Table legend: (Time is in decaauts)
 A = Elapsed time spent in this place.
 B = Non-inter-level travel time spent in this place.
 C = Inter-level travel time spent in this place.
 D = Time resting spent in this place.
 E = Time spent auto-exploring this place.
 F = Levels seen in this place.
 G = Mean time per level.
                   A        B        C        D        E       F      G
               +--------+--------+--------+--------+--------+-----+--------+
         Total |   4254 |   4212 |     42 |    550 |   2873 |   5 |  850.8 |
       Dungeon |   4171 |   4129 |     42 |    547 |   2798 |   4 | 1042.8 |
         Abyss |     83 |     83 |      0 |      3 |     75 |   1 |   83.0 |
               +--------+--------+--------+--------+--------+-----+--------+

Top non-repeatable levels by time:
     D:1: 1565 daAuts
     D:2: 925 daAuts
     D:3: 881 daAuts
     D:4: 798 daAuts
 Abyss:1: 83 daAuts
